 Dungeon Crawl Stone Soup version 0.31-a0-978-g1e143483b6 (webtiles) character file.

Game seed: 13099119500279066705

1236 ytrimaz the Covert (level 8, -2/48 HPs)
             Began as an Octopode Shapeshifter on Oct 30, 2023.
             Was an Initiate of Ashenzari.
             Succumbed to an orc's poison
             ... on level 5 of the Dungeon.
             The game lasted 00:06:11 (5320 turns).

ytrimaz the Covert (Octopode Shapeshifter)          Turns: 5320, Time: 00:06:11

Health: -2/48      AC:  1    Str: 14    XL:     8   Next: 49%
Magic:  17/17      EV: 13    Int: 12    God:    Ashenzari [......]
Gold:   76         SH:  0    Dex: 13    Spells: 7/7 levels left

rFire   . .          .
                       - Unarmed
rCold   . . .        (no shield)
rNeg    . . .        (helmet currently unavailable)
rPois   .            (no amulet)
rElec   .            k - ring of Ashenzari's Burden {SInv, Cun, Bglg} (curse)
rCorr   .            v - ring of magical power
SInv    +            (no ring)
Will    .....        (no ring)
Stlth   +++++++      (no ring)
HPRegen 0.28/turn    (no ring)
MPRegen 0.15/turn    (no ring)
                     (no ring)

%: no passive effects
@: lethally poisoned (-2 -> -25), beast-form, invisible
A: beast (slay +1), almost no armour, amphibious, 8 rings, camouflage 1,
gelatinous body 1, (nimble swimmer 1), tentacles
a: Begin Untransformation, Renounce Religion, Shatter the Chains


You were on level 5 of the Dungeon.
You worshipped Ashenzari.
Ashenzari was noncommittal.
You were a hulking beast.
You visited 1 branch of the dungeon, and saw 5 of its levels.
You also visited: Sewer.

You collected 76 gold pieces.


Innate Abilities, Weirdness & Mutations

You are a hulking beast.
Your limbs bulge with bestial killing power. (Slay +1)
You cannot wear most types of armour.
You are amphibious.
You can wear up to eight rings at the same time.
Your skin changes colour to match your surroundings (Stealth+).
Your rubbery body absorbs attacks. (AC +1, EV +1)
((You are camouflaged when in or above water. (Stealth+)))
You have tentacles for arms and can constrict up to eight enemies at once.


   Skills:
 - Level 1.0 Fighting
 - Level 2.0(2.3) Dodging
 + Level 13.8(14.2) Stealth
 - Level 3.0 Unarmed Combat
 - Level 3.0 Shapeshifting


You had 7 spell levels left.
You didn't know any spells.
Your spell library contained the following spells:

 Spells                   Type           Power      Damage    Failure   Level
 Wereblood                Tmut           0%         N/A       45%         2
 Irradiate                Conj/Tmut      0%         3d11      100%        5

Inventory:

Jewellery
 j - a ring of fire
   (You found it on level 2 of the Dungeon)
 k - the cursed ring of Ashenzari's Burden (left tentacle) {SInv, Cun, Bglg}
   (You found it on level 2 of the Dungeon)

   [ring of see invisible]

   SInv:      It lets you see invisible.
   It has a curse which improves the following skills: Cunning: Dodging and
   Stealth.
   Beguiling: Conjurations, Hexes and Translocations.
 v - a ring of magical power (right tentacle)
   (You found it on level 5 of the Dungeon)
Talismans
 b - a beast talisman
 c - a flux talisman
 u - a blade talisman
   (You found it on level 5 of the Dungeon)
Wands
 t - a wand of paralysis (3)
   (You took it off an orc on level 4 of the Dungeon)
Scrolls
 f - 3 scrolls of acquirement {unknown}
 g - 5 scrolls of identify
 h - 2 scrolls of summoning
 l - 3 scrolls of teleportation {unknown}
 m - a scroll of fear {unknown}
 p - 2 scrolls of brand weapon {unknown}
 s - a scroll of enchant armour {unknown}
Potions
 d - 2 potions of brilliance
 i - a potion of mutation {unknown}
 n - a potion of haste {unknown}
 o - 2 potions of ambrosia
 q - a potion of magic {unknown}
 r - a potion of degeneration {unknown}

Dungeon Overview and Level Annotations

Branches:
Dungeon (5/15) Zot: 25728   Sewer (visited)
 Temple: D:4-7

Altars:
Ashenzari
Fedhas
Hepliaklqana
Makhleb
Qazlal
Ru
Sif Muna
Trog

Shops:
D:1 [

Annotations:
D:5 exclusion: hound

. . .# <## .#
#######.##.# #
#..........#.#
#............
#.....f.o.#
#.....oo..#
#.....ho..#
#.........#
#.....l.W.#
#####.#.###
#...#.#
#.###.# ###.#
#.# ####...#
#.# ###....###
#.#


You could see an orc wizard (invisible, unable to see you), 3 orcs, a friendly
phantom (summoned), a friendly sleepcap (summoned) and a friendly iguana
(summoned).


Message History

Found a stormy altar of Qazlal.
There is a stormy altar of Qazlal here.
Key pressed, stopping explore.
You see here a +0 ring mail.
A black bear comes into view.
A black bear is nearby!
A black bear is nearby!
A black bear is nearby!
A black bear is nearby!
A black bear is nearby!
The helpless black bear fails to defend itself.
You bludgeon the black bear! You grab the black bear.
You squeeze the black bear. You constrict the black bear.
The black bear bites you but does no damage.
The black bear claws you.
The black bear closely misses you. 😕 HP[-2]
You take 2 damage, and now have 46/48 hp.
You tentacle-slap the black bear. You constrict the black bear.
The black bear misses you. The black bear claws you.
The black bear misses you. 😕 HP[-2]
You take 2 damage, and now have 44/48 hp.
You tentacle-slap the black bear. x2; You squeeze the black bear.
You kill the black bear!
You see here a black bear corpse.
An orc wizard and 2 orcs come into view. 😎 HP[+4]
Your hp is fully restored (48).
There are monsters nearby!
There are monsters nearby!
There are monsters nearby!
An orc comes into view. It is wielding a +2 trident of venom.
Found a stone staircase leading up.
An orc wizard comes into view. It is wielding a +0 dagger.
The helpless orc wizard fails to defend itself.
You tentacle-slap the orc wizard. Your grab misses the orc wizard.
Your squeeze misses the orc wizard.
The orc shouts! x2; The orc wizard shouts!
The orc shouts!
The orc hits you with a +0 flail.
The orc wizard mumbles some strange words.
The orc wizard flickers and vanishes for a moment.
The orc wizard gestures wildly while chanting.
The orc wizard flickers and vanishes for a moment. 😕 HP[-4]
You take 4 damage, and now have 44/48 hp.
You closely miss the orc wizard. You grab the orc wizard.
You squeeze the orc wizard! You constrict the orc wizard.
The orc wizard casts a spell at you. The magic dart hits you.
The orc barely misses you.
The orc hits you with a +0 dagger. 😕 HP[-7]
You take 7 damage, and now have 37/48 hp.
Unknown command.
You tentacle-slap the orc wizard. You constrict the orc wizard.
You kill the orc wizard!
The orc completely misses you. The orc hits you with a +0 dagger.
The orc hits you from afar with a +2 trident of venom.
You are poisoned. 😮 HP[-8]
You take 8 damage, and now have 29/48 hp.
Unknown command.
Okay, then.
As you read the scroll labelled UTWIDI DIXE, it crumbles to dust.
It is a scroll of identify.
o - 2 potions of ambrosia You feel very sick.
The orc closely misses you. x2
The orc hits you from afar with a +2 trident of venom!
* * * LOW HITPOINT WARNING * * *
😨 HP[-14]
You take 14 damage, and now have 15/48 hp.
MASSIVE DAMAGE!! (PAUSE)
You feel much better.
You feel sick. The orc hits you with a +0 flail!
* * * LOW HITPOINT WARNING * * *
The orc hits you from afar with a +2 trident of venom.
* * * LOW HITPOINT WARNING * * *
You are lethally poisoned!
The orc barely misses you.
The orc wizard closely misses you. 😨 HP[+4]
You regained 4 hp, and now have 19/48 hp.
* * * LOW HITPOINT WARNING * * *
You feel very sick. 😨 HP[-3]
You take 3 damage, and now have 16/48 hp.
Unknown command.
As you read the scroll labelled FIFREL EGUBRAU, it crumbles to dust.
Wisps of shadow whirl around you...
It was a scroll of summoning.
* * * LOW HITPOINT WARNING * * *
You feel very sick.
The orc hits you from afar with a +2 trident of venom.
* * * LOW HITPOINT WARNING * * *
You are more poisoned.
The orc misses you. The orc hits you with a +0 flail.
* * * LOW HITPOINT WARNING * * *
The orc wizard completely misses you. 😱 HP[-13]
You take 13 damage, and now have 3/48 hp.
MASSIVE DAMAGE!! (PAUSE) It was a potion of invisibility.
You fade into invisibility!
You die...

Skill      XL: |  1  2  3  4  5  6  7  8 |
---------------+-------------------------+-----
Stealth        | 2 3 7 8 10 12 13 | 13.8
Fighting       | |  1.0
Dodging        | |  2.0
Unarmed Combat | |  3.0
Shapeshifting  | |  3.0

Action                     |  1- 3 |  4- 6 |  7- 9 || total
---------------------------+-------+-------+-------++-------
  Melee: Unarmed           |    67 |   123 |   113 ||   303
         Constrict         |    15 |    32 |    29 ||    76
         Tentacles         |     8 |    26 |    32 ||    66
         Punch             |     5 |     7 |     9 ||    21
 Invoke: Curse Item        |       |       |     1 ||     1
    Use: Potion            |     4 |     1 |     4 ||     9
         Scroll            |       |       |     2 ||     2
   Stab: Sleeping          |     6 |    15 |    11 ||    32
         Distracted        |       |     1 |       ||     1
 Armour: Skin              |    32 |    64 |    70 ||   166
  Dodge: Dodged            |    51 |    71 |    72 ||   194

Levels and vault maps discovered:
D:1:      lightli_arrival_flooded_house, layout_basic, serial_shops,
          nicolae_shop_competitors_out_of_business, minmay_tromino_v7
D:2:      layout_rooms, kennysheep_generic_room_16
D:3:      layout_basic, overflow_temple_1_default, fedhas_altar_2,
          gammafunk_temple_overflow_statue, portal_sewer_entry_d, uniq_sigmund
D:4:      minmay_diamond_boxcup, layout_loops_cross, kennysheep_orc_sif_temple,
          trog_butcher_becter, nicolae_ashenzari_skybound
D:5:      layout_basic, nicolae_qazlal_eye_of_the_storm, kennysheep_flooded_box

Notes
Turn   | Place    | Note
-------+----------+-------------------------------------------
     0 | D:1      | ytrimaz the Octopode Shapeshifter began the quest for the
                  | Orb.
     0 | D:1      | Reached XP level 1. HP: 13/13 MP: 1/1
     0 | D:1      | magus.rc [v1.9.6]
   112 | D:1      | Reached skill level 1 in Stealth
   140 | D:1      | Found Kiuliabb's Antique Armour Boutique.
   166 | D:1      | Reached skill level 2 in Stealth
   173 | D:1      | Reached XP level 2. HP: 8/18 MP: 2/2
   379 | D:1      | Reached skill level 3 in Stealth
   781 | D:2      | You pick up a book of Changes and begin reading...
   781 | D:2      | You add the spells Wereblood and Irradiate to your library.
   806 | D:2      | Reached XP level 3. HP: 23/23 MP: 3/3
   849 | D:2      | Reached skill level 4 in Stealth
  1318 | D:3      | Noticed Sigmund
  1329 | D:3      | Killed Sigmund
  1330 | D:3      | Reached skill level 7 in Stealth
  1330 | D:3      | Reached XP level 4. HP: 22/28 MP: 4/4
  1330 | D:3      | Reached XP level 5. HP: 26/33 MP: 5/5
  1504 | D:3      | Found a blossoming altar of Fedhas.
  1531 | D:3      | Found a glowing drain.
  1542 | D:3      | Reached skill level 8 in Stealth
  1546 | Sewer    | Entered a sewer
  1583 | Sewer    | Reached XP level 6. HP: 28/38 MP: 6/6
  2263 | Sewer    | Reached skill level 9 in Stealth
  2871 | D:3      | Found a burning altar of Makhleb.
  3144 | D:3      | Found a hazy altar of Hepliaklqana.
  3144 | D:3      | Found a sacrificial altar of Ru.
  3511 | D:4      | Found a broken altar of Ashenzari.
  3517 | D:4      | Became a worshipper of Ashenzari the Shackled
  3589 | D:4      | Reached skill level 10 in Stealth
  3589 | D:4      | Reached XP level 7. HP: 38/43 MP: 7/7
  3714 | D:4      | Reached skill level 11 in Stealth
  4283 | D:4      | Found a bloodstained altar of Trog.
  4287 | D:4      | Reached skill level 12 in Stealth
  4459 | D:4      | Reached XP level 8. HP: 48/48 MP: 8/8
  4461 | D:4      | Found a shimmering blue altar of Sif Muna.
  4735 | D:5      | Entered Level 5 of the Dungeon
  4754 | D:5      | HP: 12/48 [centaur (2)]
  4757 | D:5      | Reached skill level 13 in Stealth
  5230 | D:5      | Found a stormy altar of Qazlal.
  5319 | D:5      | HP: 12/48 [poisoned by an orc]
  5319 | D:5      | HP: 3/48 [orc/+0 flail (5)]
  5320 | D:5      | Succumbed to an orc's poison

Vanquished Creatures
  Sigmund (D:3)
  A water moccasin (D:4)
  A black bear (D:5)
  A centaur (D:5)
  2 scorpions
  2 howler monkeys (D:4)
  2 jellies
  2 hounds (D:4)
  2 orc priests (D:3)
  An iguana (D:5)
  6 orc wizards
  5 river rats (Sewer)
  10 adders
  A white imp (D:5)
  A worm (D:3)
  5 dart slugs
  12 orcs
  4 bats
  5 endoplasms
  A giant cockroach (D:3)
  5 goblins
  7 hobgoblins
  10 jackals
  13 kobolds
  2 quokkas (D:4)
  11 ball pythons
  4 frilled lizards
  6 rats
123 creatures vanquished.

Table legend:
 A = Non-vault XP
 B = Vault XP
 C = Vault XP percentage of total XP
 D = Non-vault monster count
 E = Vault monster count
 F = Vault count percentage of total count
                 A         B        C        D         E       F
            +---------+---------+-------+---------+---------+-------
      Total |    1072 |     695 |  39.3 |      71 |      52 |  42.3
            +---------+---------+-------+---------+---------+-------
        D:1 |      15 |       6 |  28.6 |       9 |       3 |  25.0
        D:2 |      46 |       5 |   9.8 |      16 |       2 |  11.1
        D:3 |     137 |     227 |  62.4 |      21 |       2 |   8.7
        D:4 |     413 |     310 |  42.9 |      17 |      19 |  52.8
        D:5 |     461 |       0 |   0.0 |       8 |       0 |   0.0
      Sewer |       0 |     147 | 100.0 |       0 |      26 | 100.0
            +---------+---------+-------+---------+---------+-------

Skill      XL: |  1  2  3  4  5  6  7  8 |
---------------+-------------------------+-----
Stealth        | 2 3 7 8 10 12 13 | 13.8
Fighting       | |  1.0
Dodging        | |  2.0
Unarmed Combat | |  3.0
Shapeshifting  | |  3.0

Action                     |  1- 3 |  4- 6 |  7- 9 || total
---------------------------+-------+-------+-------++-------
  Melee: Unarmed           |    67 |   123 |   113 ||   303
         Constrict         |    15 |    32 |    29 ||    76
         Tentacles         |     8 |    26 |    32 ||    66
         Punch             |     5 |     7 |     9 ||    21
 Invoke: Curse Item        |       |       |     1 ||     1
    Use: Potion            |     4 |     1 |     4 ||     9
         Scroll            |       |       |     2 ||     2
   Stab: Sleeping          |     6 |    15 |    11 ||    32
         Distracted        |       |     1 |       ||     1
 Armour: Skin              |    32 |    64 |    70 ||   166
  Dodge: Dodged            |    51 |    71 |    72 ||   194

Illustrated notes

Table legend:
 A = Kills in this place as a percentage of kills in the entire game.
 B = Kills by you in this place as a percentage of kills by you in the entire game.
 C = Kills by friends in this place as a percentage of kills by friends in the entire game.
 D = Other kills in this place as a percentage of other kills in the entire game.
 E = Experience gained in this place as a percentage of experience gained in the entire game.
 F = Experience gained in this place divided by the number of levels of this place that you have seen.
                   A       B       C       D       E      F
               +-------+-------+-------+-------+-------+----------------------
         Total | 100.0 | 100.0 |   N/A |   N/A | 100.0 | 294.5
       Dungeon |  78.9 |  78.9 |   N/A |   N/A |  91.7 | 324.0
         Sewer |  21.1 |  21.1 |   N/A |   N/A |   8.3 | 147.0
               +-------+-------+-------+-------+-------+----------------------

Table legend: (Time is in decaauts)
 A = Elapsed time spent in this place.
 B = Non-inter-level travel time spent in this place.
 C = Inter-level travel time spent in this place.
 D = Time resting spent in this place.
 E = Time spent auto-exploring this place.
 F = Levels seen in this place.
 G = Mean time per level.
                   A        B        C        D        E       F      G
               +--------+--------+--------+--------+--------+-----+--------+
         Total |   5318 |   5164 |    154 |    307 |   3892 |   6 |  886.3 |
       Dungeon |   4271 |   4117 |    154 |    307 |   3024 |   5 |  854.2 |
         Sewer |   1046 |   1046 |      0 |      0 |    868 |   1 | 1046.0 |
               +--------+--------+--------+--------+--------+-----+--------+

Top non-repeatable levels by time:
     D:4: 1240 daAuts
     D:3: 1157 daAuts
   Sewer: 1046 daAuts
     D:1: 656 daAuts
     D:2: 634 daAuts
     D:5: 582 daAuts
